cohdb
Replays
Latest Replays
All Replays
Popular Replays
Top Player Replays
Match Explorer
How It Works
Community
CoH3 Stats
Reddit
Sign in to upload your games and track your stats! →
Sign in with Steam
Match 44146904
Unlisted
Match 44146904
Overview
Messages
Build Orders
End
Scout Squad
Construct Weapon Support Center
M1919 Machine Gun Team
M1919 Machine Gun Team
Engineer Squad
M1919 Machine Gun Team
Infantry Support Center
M3 Armored Personnel Carrier
Selects Heavy Weapons
Selects Assault Carriers
Mortar Pit
Bazooka Squad
Selects M2HB .50cal Heavy Machine Gun
M1919 Machine Gun Team
Advanced Logistics
Selects Exchangeable Parts
Bazooka Squad
Engineer Squad
M3 Assault Carrier
Improved M9 Bazooka Rockets
Bazooka Squad
Rei
Nicko
Symbiosis
*Mule
0
0
Comments
sign in to comment!
No comments posted yet!